 Dungeon Crawl Stone Soup version 0.24.0-1-gfbc8707 (webtiles) character file.

Game seed: 15748367312690047684, levelgen mode: deterministic

144 Busket the Skirmisher (level 5, -1/47 HPs)
             Began as a Hill Orc Fighter on Nov 7, 2019.
             Slain by an orc
             ... wielding a +0 mace of draining
              (2 damage)
             ... on level 3 of the Dungeon.
             The game lasted 00:22:20 (1916 turns).

Busket the Skirmisher (Hill Orc Fighter)            Turns: 1916, Time: 00:22:21

Health: -1/47      AC:  7    Str: 20    XL:     5   Next: 26%
Magic:  5/5        EV:  7    Int:  8    God:
Gold:   83         SH:  9    Dex: 10    Spells: 4/4 levels left

rFire    . . .     SeeInvis .   a - +0 long sword
rCold    . . .     Gourm    .   c - +0 shield
rNeg     . . .     Faith    .   b - +0 scale mail
rPois    .         Spirit   .   (no helmet)
rElec    .         Reflect  .   (no cloak)
rCorr    .         Harm     .   (no gloves)
MR       .....                  (no boots)
Stlth    ..........             (no amulet)
HPRegen  0.15/turn              (no ring)
MPRegen  0.09/turn              (no ring)

@: lightly drained
A: no striking features
a: no special abilities


You were on level 3 of the Dungeon.
You were hungry.

You visited 1 branch of the dungeon, and saw 3 of its levels.

You collected 83 gold pieces.

Inventory:

Hand Weapons
 a - a +0 long sword (weapon)
 m - a +0 hunting sling
 q - a +0 quarterstaff of protection
Missiles
 i - 35 stones (quivered)
Armour
 b - a +0 scale mail (worn)
 c - a +0 shield (worn)
 n - a +0 plate armour
Wands
 d - a wand of flame (14)
Scrolls
 g - 2 scrolls of amnesia {unknown}
 h - a scroll of remove curse {unknown}
 j - a scroll of identify {unknown}
Potions
 e - a potion of flight {unknown}
 k - a potion of heal wounds {unknown}
 l - a potion of berserk rage {unknown}
 o - 2 potions of curing {unknown}
 p - 2 potions of lignification {unknown}
Comestibles
 f - 5 rations


   Skills:
 * Level 4.6(4.0) Fighting
 + Level 2.8(2.2) Long Blades
 * Level 4.5(4.0) Armour
 * Level 4.5(3.9) Shields


You had 4 spell levels left.
You didn't know any spells.
Your spell library was empty.

Dungeon Overview and Level Annotations

Branches:
Dungeon (3/15)

Altars:
Dithmenos


Message History

You closely miss the orc.
The orc is moderately wounded.
The orc hits you but does no damage. The orc completely misses you.
Your shield and scale mail prevent you from hitting the orc.
The orc is moderately wounded.
You block the orc's attack.
The orc closely misses you. x2; You riposte.
Your shield prevents you from hitting the orc.
The orc is moderately wounded.
You slash the orc!
You kill the orc!
The orc hits you but does no damage.
You barely miss the orc. You block the orc's attack.
The orc hits you with a +0 mace of draining.
* * * LOW HITPOINT WARNING * * *
You feel drained. You block the orc's attack.
You barely miss the orc.
The orc hits you with a +0 mace of draining.
* * * LOW HITPOINT WARNING * * *
You feel drained.
You die...

#.##........## .. #####
#.###....)...#.##.#
.....##.......###.....$.#
.............# ##.#.####
###.##..####.# #.# #
#....รท....##o# ...
#.#.##..#.##.# ..o#
.##.#. #..#.##o# #...#
......##....@o.# #..o#
#######.##...##.####
#...# #.....#.##.####.#
#.....#.##.####..
#.............#...
#.....#.##.##.## ..
#.....#....# # ###
#######..### #<.####.#


You could see 2 orcs.

Vanquished Creatures
  An orc wizard (D:3)
  Ijyb (D:2)
  3 adders (D:2)
  2 worms (D:2)
  2 orcs (D:3)
  2 giant cockroaches (D:1)
  13 goblins
  4 hobgoblins
  4 jackals (D:2)
  4 kobolds
  2 quokkas (D:2)
  3 bats
  3 frilled lizards
  7 rats
51 creatures vanquished.

Notes
Turn   | Place    | Note
-------+----------+-------------------------------------------
     0 | D:1      | Busket the Hill Orc Fighter began the quest for the Orb.
     0 | D:1      | Reached XP level 1. HP: 19/19 MP: 1/1
   143 | D:1      | Reached XP level 2. HP: 26/26 MP: 2/2
   534 | D:2      | Found a shadowy altar of Dithmenos.
   546 | D:2      | Reached XP level 3. HP: 31/33 MP: 3/3
   967 | D:2      | Reached XP level 4. HP: 33/40 MP: 4/4
  1419 | D:2      | Noticed Ijyb
  1438 | D:2      | HP: 2/40 [Ijyb/+0 dagger (6)]
  1441 | D:2      | Killed Ijyb
  1447 | D:2      | HP: 2/41 [goblin/+0 club (2)]
  1908 | D:3      | Reached XP level 5. HP: 8/47 MP: 5/5
  1916 | D:3      | HP: 1/47 [orc/+0 mace of draining (5)]
  1916 | D:3      | Slain by an orc

Levels and vault maps discovered:
D:1:      minmay_arrival_cross, layout_rooms, serial_bayou_crossing
D:2:      kennysheep_the_goblin_king, layout_loops_ring,
          nicolae_overflow_crystal_walls
D:3:      layout_loops_cross, first_ration

Skill      XL: |  1  2  3 |
---------------+----------+-----
Shields        | 4 |  4.5
Fighting       | 4 |  4.6
Armour         | 4 |  4.5
Long Blades    | |  2.8

Action                   |  1- 3 |  4- 6 || total
-------------------------+-------+-------++-------
Melee: Long sword        |   113 |    87 ||   200
  Use: Potion            |       |     1 ||     1
  Eat: Chunk             |       |     3 ||     3
Armor: Scale mail        |    53 |    32 ||    85
Dodge: Dodged            |    32 |    21 ||    53
Block: Shield            |    70 |    31 ||   101
       Rpst.: Long sword |    11 |     5 ||    16
